 Dungeon Crawl Stone Soup version 0.25-a0-292-gaa31f046c4 (webtiles) character file.

Game seed: 10424271942010030817, levelgen mode: classic

714 Borgoz the Skirmisher (level 7, -3/62 HPs)
             Began as a Minotaur Monk on Dec 15, 2019.
             Killed from afar by Harold (13 damage)
             ... with a harpoon shot
             ... on level 7 of the Dungeon.
             The game lasted 00:05:46 (3377 turns).

Borgoz the Skirmisher (Minotaur Monk)               Turns: 3377, Time: 00:05:47

Health: -3/62      AC:  7    Str: 14 (16) XL:     7   Next: 41%
Magic:  6/6        EV: 14    Int:  6 (7)  God:
Gold:   50         SH:  0    Dex: 16 (18) Spells: 6/6 levels left

rFire    . . .     SeeInvis .   a - +0 falchion
rCold    + . .     Gourm    .   (no shield)
rNeg     . . .     Faith    .   h - +0 ring mail
rPois    .         Spirit   .   (helmet restricted)
rElec    .         Reflect  .   n - +0 cloak
rCorr    .         Harm     .   (no gloves)
MR       .....                  (no boots)
Stlth    +++.......             (no amulet)
HPRegen  0.20/turn              e - +4 ring of dexterity
MPRegen  0.10/turn              p - ring of the Rabble {rC+ Stlth+}

@: marked, very slightly contaminated, invisible
A: retaliatory headbutt, horns 2
a: no special abilities


You were on level 7 of the Dungeon.
You were hungry.

You visited 1 branch of the dungeon, and saw 6 of its levels.

You collected 165 gold pieces.
You spent 115 gold pieces at shops.

Inventory:

Hand Weapons
 a - a +0 falchion (weapon)
Armour
 h - a +0 ring mail (worn)
 n - a +0 cloak (worn)
Jewellery
 e - a +4 ring of dexterity (left hand)
 g - an uncursed ring of magical power
 p - the ring of the Rabble (right hand) {rC+ Stlth+}
   (You took it off an orc on level 4 of the Dungeon)

   [ring of stealth]

   It protects you from cold.
   It makes you more stealthy.
Scrolls
 f - a scroll of fear {unknown}
 i - 3 scrolls of remove curse
 j - 2 scrolls of blinking {unknown}
 k - a scroll of amnesia {unknown}
 l - a scroll of enchant armour {unknown}
 s - 3 scrolls of teleportation
 t - a scroll of enchant weapon {unknown}
 x - a scroll of magic mapping
Potions
 b - a potion of brilliance
 q - a potion of haste
 w - a potion of magic
Comestibles
 c - 8 rations


   Skills:
 + Level 5.8 Fighting
 + Level 5.8 Long Blades
 + Level 4.3 Armour
 + Level 5.3 Dodging
 - Level 3.0 Stealth


You had 6 spell levels left.
You didn't know any spells.
Your spell library was empty.

Dungeon Overview and Level Annotations

Branches:
Dungeon (5/15)
 Temple: D:4-7

Altars:
Qazlal
Ru
Sif Muna

Shops:
D:4 }?}   D:5 (

Annotations:
D:7 Harold


Innate Abilities, Weirdness & Mutations

You reflexively headbutt those who attack you in melee.
You have a pair of horns on your head.


Message History

Harold throws a throwing net.
The throwing net hits you.
You become entangled in the net!
You see here a throwing net.
You tear a large gash into the net.
You struggle against the net.
You shred the net and break free!
Harold throws a throwing net.
The throwing net hits you.
You become entangled in the net!
You tear a large gash into the net.
You struggle against the net.
You struggle against the net.
You rip the net and break free!
Harold casts a spell at you. The mark upon you grows brighter.
Harold gestures at you while chanting. The harpoon shot misses you.
Found a stone staircase leading down.
There is a stone staircase leading down here.
Harold points at you and mumbles some strange words.
The harpoon shot hits you!
You die...

.
##.#####..#######...#
#[.#####..####...###
##...####....#.#.#
###..)#####...#.#
###Z.......##.#
####Z.#.....#
########@.).....##
..............#..#
#.#....@###...##.#
#....######...##)#
#>.#..........##.###
#.##..........(....#
. #..........#######
#..........#
#..........#
#..........#
####..........#


You could see Harold and an adder zombie.

Vanquished Creatures
  A black bear (D:4)
  An ogre (D:7)
  3 scorpions
  A howler monkey (D:4)
  3 orc priests (D:4)
  A bullfrog skeleton (D:7)
  A hound (D:5)
  A worker ant (D:5)
  A worker ant zombie (D:5)
  3 gnolls (D:4)
  6 adders
  An ooze (D:2)
  3 worms
  A dart slug (D:2)
  11 orcs
  6 bats
  3 giant cockroaches
  5 hobgoblins
  4 kobolds
  3 quokkas
  2 ball pythons
  6 frilled lizards
  13 goblins
  10 rats
90 creatures vanquished.

Notes
Turn   | Place    | Note
-------+----------+-------------------------------------------
     0 | D:1      | Borgoz the Minotaur Monk began the quest for the Orb.
     0 | D:1      | Reached XP level 1. HP: 19/19 MP: 0/0
   115 | D:1      | Reached XP level 2. HP: 27/27 MP: 1/1
   509 | D:1      | Reached skill level 1 in Armour
   736 | D:2      | Found a stormy altar of Qazlal.
   741 | D:2      | Reached XP level 3. HP: 29/33 MP: 2/2
  1100 | D:2      | Found a shimmering blue altar of Sif Muna.
  1278 | D:3      | Reached XP level 4. HP: 40/40 MP: 3/3
  1529 | D:3      | Reached XP level 5. HP: 35/47 MP: 4/4
  2194 | D:4      | Found Usypaim's Gadget Boutique.
  2205 | D:4      | Found Xerifotu's Magic Scroll Shoppe.
  2213 | D:4      | Bought a scroll of teleportation for 30 gold pieces
  2213 | D:4      | Bought a scroll of identify for 20 gold pieces
  2213 | D:4      | Bought a scroll of magic mapping for 35 gold pieces
  2282 | D:4      | Noticed a black bear
  2299 | D:4      | Killed a black bear
  2299 | D:4      | Reached skill level 5 in Fighting
  2299 | D:4      | Reached XP level 6. HP: 32/56 MP: 5/5
  2307 | D:4      | Reached skill level 5 in Long Blades
  2639 | D:4      | Found a sacrificial altar of Ru.
  2668 | D:4      | Found Puad's Gadget Emporium.
  2744 | D:4      | Identified the ring of the Rabble {rC+ Stlth+}
  2967 | D:4      | Bought a scroll of remove curse for 30 gold pieces
  2979 | D:5      | Entered Level 5 of the Dungeon
  3011 | D:5      | Found Sentysch's Antique Weapon Boutique.
  3015 | D:5      | Reached XP level 7. HP: 61/61 MP: 6/6
  3062 | D:5      | Reached skill level 5 in Dodging
  3224 | D:5      | You fall into a shaft and drop 2 floors!
  3252 | D:7      | Got a crystal mace
  3254 | D:7      | Identified the +1 mace of Skirmishing {venom, +Inv rElec
                  | Str-5 Dex+4} (You found it on level 7 of the Dungeon)
  3334 | D:7      | Noticed Harold
  3377 | D:7      | Killed from afar by Harold

Levels and vault maps discovered:
D:1:      wheals_arrival_shading, layout_loops_cross, glass_columns_a
D:2:      layout_loops_ring, nicolae_overflow_hidden_temple,
          lemuel_blue_sif_altar
D:3:      layout_basic, first_ration
D:4:      layout_rooms, overflow_temple_1_default, serial_shops, shop_statue,
          shop_statue, nicolae_shop_statue_plus
D:5:      layout_basic, kennysheep_mini_moat, serial_shops, shop_statue
D:7:      layout_rooms, serial_shops, nicolae_shop_stone,
          chequers_serial_rivers_micro_c, uniq_harold

Skill      XL: |  1  2  3  4  5  6  7 |
---------------+----------------------+-----
Armour         | 1 2 3 4 |  4.3
Stealth        | 2 3 |  3.0
Fighting       | 4 5 |  5.8
Long Blades    | 4 5 |  5.8
Dodging        | 4 5 |  5.3

Action                   |  1- 3 |  4- 6 |  7- 9 || total
-------------------------+-------+-------+-------++-------
Melee: Falchion          |    63 |   105 |    25 ||   193
       Headbutt          |     9 |    26 |    12 ||    47
  Use: Scroll            |       |     2 |       ||     2
       Potion            |       |     2 |     5 ||     7
 Stab: Sleeping          |     4 |     1 |       ||     5
       Invisible         |       |       |     1 ||     1
  Eat: Chunk             |     1 |     6 |       ||     7
Armor: Ring mail         |    11 |    36 |     9 ||    56
       Robe              |     1 |       |       ||     1
Dodge: Dodged            |    39 |    85 |    22 ||   146
       Rpst.: Falchion   |    12 |    24 |     8 ||    44

Table legend:
 A = Non-vault XP
 B = Vault XP
 C = Vault XP percentage of total XP
 D = Non-vault monster count
 E = Vault monster count
 F = Vault count percentage of total count
                 A         B        C        D         E       F
            +---------+---------+-------+---------+---------+-------
      Total |    1020 |       0 |   0.0 |      90 |       0 |   0.0
            +---------+---------+-------+---------+---------+-------
        D:1 |      24 |       0 |   0.0 |      14 |       0 |   0.0
        D:2 |      66 |       0 |   0.0 |      18 |       0 |   0.0
        D:3 |     130 |       0 |   0.0 |      31 |       0 |   0.0
        D:4 |     495 |       0 |   0.0 |      20 |       0 |   0.0
        D:5 |      89 |       0 |   0.0 |       4 |       0 |   0.0
        D:7 |     216 |       0 |   0.0 |       3 |       0 |   0.0
            +---------+---------+-------+---------+---------+-------
